Map: Void Training Stage 2

Players

Ratl - Winner!

  • Race: Terran Terran
  • Spawn Location: 3:00

Player 2

  • Race: Protoss Protoss
  • Spawn Location: 7:00

VOD

Have the link to the VOD?

Description

Time

  • Played on: Oct. 27, 2019, 12:02 p.m.
  • Length: 9:39
Show
View Real Time Build Order
Export as new Build Order

Ratl Terran - Winner!

Build Orders: Command Center First (CC) 

Get SALT Encoding   

  12  0:01  SCV  
  13  0:18  Supply Depot  
  13  0:19  SCV  
  14  0:31  SCV  
  15  0:43  SCV  
  15  0:46  Supply Depot  
  16  0:55  SCV  
  17  1:07  SCV  
  18  1:19  SCV  
  18  1:23  Command Center  
  19  1:28  Refinery  
  19  1:31  SCV  
  20  1:35  Refinery  
  20  1:43  SCV  
  21  1:54  Refinery  
  21  1:55  SCV  
  22  2:08  SCV  
  23  2:20  SCV  
  24  2:25  Barracks  
  24  2:33  SCV  
  25  2:46  SCV  
  25  2:50  SCV  
  27  2:58  SCV  
  28  3:02  SCV  
  29  3:10  SCV  
  30  3:13  Barracks  
  30  3:14  SCV, Barracks Reactor  
  31  3:22  SCV  
  31  3:27  SCV  
  33  3:34  SCV  
  33  3:39  SCV  
  35  3:46  Orbital Command  
  35  3:51  SCV  
  35  3:52  Marine x2  
  38  4:03  SCV, Engineering Bay  
  38  4:04  Supply Depot  
  38  4:09  Marine  
  39  4:10  Marine  
  41  4:19  SCV  
  42  4:26  Marine, Supply Depot  
  42  4:27  Marine x2  
  45  4:31  SCV  
  46  4:43  SCV  
  46  4:44  Marine, Terran Infantry Weapons Level 1  
  46  4:45  Marine x2  
  48  4:46  Refinery  
  48  4:50  Supply Depot  
  50  4:56  SCV x2  
  52  5:03  Marine x2  
  52  5:05  Barracks Reactor  
  54  5:08  SCV x2  
  54  5:12  Supply Depot  
  56  5:20  SCV  
  56  5:21  Marine x2  
  57  5:24  Barracks  
  59  5:33  SCV  
  59  5:34  Supply Depot  
  60  5:39  Marine x2  
  62  5:45  SCV  
  62  5:46  Marine x2  
  65  5:56  Marine x2, Supply Depot  
  67  6:04  Marine x2  
  69  6:12  Barracks  
  69  6:14  Marine x2  
  71  6:22  Marine x2  
  72  6:32  Marine x2  
  74  6:34  Supply Depot  
  74  6:37  Barracks Tech Lab  
  74  6:38  Terran Infantry Armor Level 1  
  74  6:40  Marine x2  
  74  6:44  Command Center  
  76  6:50  Marine x2  
  78  6:56  Supply Depot  
  78  6:57  Marine, Factory  
  78  6:58  Marine  
  78  7:01  Ghost Academy  
  80  7:02  Factory, Reaper  
  80  7:06  Combat Shield  
  80  7:08  Marine x2  
  82  7:15  Marine x2  
  82  7:21  Planetary Fortress  
  84  7:25  Marine  
  84  7:26  Marine  
  86  7:33  Reaper  
  86  7:34  Reaper x2  
  89  7:41  Personal Cloaking  
  89  7:44  Reaper x2  
  91  7:45  Factory Reactor  
  87  8:05  Reaper  
  87  8:06  Command Center, Reaper x2  
  90  8:13  SCV  
  90  8:15  Marine x2  
  93  8:23  SCV  
  93  8:25  SCV  
  95  8:32  Hi-Sec Auto Tracking  
  95  8:33  Marine x2  
  97  8:35  SCV  
  97  8:37  SCV, Marine x2  
  97  8:38  Reaper  
  97  8:40  Barracks Reactor  
  102  8:47  SCV  
  103  8:49  SCV  
  103  8:51  Reaper x2  
  106  8:55  Reaper  
  106  8:56  Reaper  
  106  8:59  SCV  
  106  9:01  SCV  
  110  9:11  SCV  
  112  9:27  SCV  
  115  9:35  Supply Depot  
Show
View Real Time Build Order
Export as new Build Order

Player 2 Protoss 

Build Orders:  

Get SALT Encoding   

  12  0:00  Probe  
  13  0:13  Probe  
  14  0:21  Pylon  
  14  0:25  Probe  
  15  0:35  Probe  
  16  0:45  Assimilator  
  16  0:51  Gateway  
  16  0:55  Pylon  
  16  1:19  Assimilator  
  16  1:29  Zealot  
  18  1:40  Cybernetics Core  
  18  2:10  Probe, Pylon  
  19  2:19  Warp Gate, Stalker  
  19  2:21  Probe  
  22  2:31  Probe  
  23  2:43  Probe  
  24  2:50  Adept  
  26  2:55  Probe  
  27  3:04  Probe  
  28  3:21  Stalker  
  30  3:49  Adept  
  32  6:38  Probe  
  32  6:42  Stalker  
  32  6:44  Pylon  
  35  6:49  Nexus  
  35  7:04  Robotics Facility  
  35  7:07  Stalker  
  35  7:08  Pylon  
  27  7:31  Sentry  
  28  8:01  Probe, Pylon  
  27  8:06  Probe  
  27  8:11  Assimilator  
  27  8:12  Pylon  
  24  8:14  Probe, Cybernetics Core  
  24  8:15  Assimilator  
  24  8:16  Zealot  
  24  8:17  Probe  
  27  8:25  Probe  
  27  8:26  Probe  
  24  8:33  Probe  
  19  8:37  Gateway  
  19  8:38  Probe  
  21  8:44  Probe  
  22  8:55  Probe, Robotics Facility  
  23  9:02  Pylon  
  19  9:03  Probe  
  17  9:11  Probe  
Tags
 
Add a new tag
Caveats
  • Supply blocks, unpowered buildings, or Contaminate may cause inaccurate times.
  • Supply counts are checked every 10 seconds.